 Dungeon Crawl Stone Soup version 0.27.0 (webtiles) character file.

Game seed: 10743689661413979019

91 mainiacjoe the Grasshopper (level 4, 0/38 HPs)
             Began as a Gnoll Warper on July 30, 2021.
             Slain by a bullfrog (3 damage)
             ... on level 4 of the Dungeon.
             The game lasted 00:02:58 (1337 turns).

mainiacjoe the Grasshopper (Gnoll Warper)           Turns: 1337, Time: 00:02:58

Health: 0/38       AC:  4    Str: 10    XL:     4   Next: 59%
Magic:  11/11      EV: 12    Int: 14    God:
Gold:   76         SH:  5    Dex: 11    Spells: 11/13 levels left

rFire    . . .     SeeInvis .   a - +0 morningstar
rCold    . . .     Faith    .   (no shield)
rNeg     . . .     Spirit   .   i - +0 leather armour
rPois    .         Reflect  +   (no helmet)
rElec    .         Harm     .   (no cloak)
rCorr    .         Rampage  .   h - +0 pair of gloves
Will     .....                  (no boots)
Stlth    +.........             j - amulet of reflection
HPRegen  0.12/turn              (no ring)
MPRegen  0.12/turn              (no ring)

@: no status effects
A: fangs 1, strong nose, distributed training
a: no special abilities


You were on level 4 of the Dungeon.
You visited 1 branch of the dungeon, and saw 4 of its levels.

You collected 76 gold pieces.

Inventory:

Hand Weapons
 a - a +0 morningstar (weapon)
 b - a +0 hunting sling
Missiles
 d - 5 boomerangs of dispersal {=F}
 e - 30 stones (quivered)
 f - 26 arrows
 m - 20 bolts
Armour
 h - a +0 pair of gloves (worn)
 i - a +0 leather armour (worn)
Jewellery
 j - an amulet of reflection (around neck)
Scrolls
 c - a scroll of blinking
 g - a scroll of teleportation
 n - a scroll of identify {unknown}
Potions
 k - 2 potions of brilliance {unknown}
 l - a potion of curing {unknown}
 o - a potion of degeneration {unknown}


   Skills:
 + Level 4.6 Fighting
 + Level 1.2 Short Blades
 + Level 1.2 Long Blades
 + Level 1.2 Axes
 + Level 4.6 Maces & Flails
 + Level 1.2 Polearms
 + Level 1.2 Staves
 + Level 1.2 Slings
 + Level 1.2 Bows
 + Level 1.2 Crossbows
 + Level 2.8 Throwing
 + Level 2.8 Armour
 + Level 4.6 Dodging
 + Level 1.2 Stealth
 + Level 1.2 Shields
 + Level 1.2 Unarmed Combat
 + Level 5.1 Spellcasting
 + Level 1.0 Conjurations
 + Level 1.0 Hexes
 + Level 1.0 Summonings
 + Level 1.0 Necromancy
 + Level 5.5 Translocations
 + Level 1.0 Transmutations
 + Level 1.0 Fire Magic
 + Level 1.0 Ice Magic
 + Level 1.0 Air Magic
 + Level 1.0 Earth Magic
 + Level 1.0 Poison Magic
 + Level 1.3 Invocations
 + Level 1.2 Evocations


You had 11 spell levels left.
You knew the following spells:

 Your Spells              Type           Power      Damage    Failure   Level
a - Blink                 Tloc           N/A        N/A       3%          2

Your spell library contained the following spells:

 Spells                   Type           Power      Damage    Failure   Level
 Gell's Gravitas          Tloc           9%         N/A       7%          3
 Lesser Beckoning         Tloc           9%         N/A       7%          3
 Teleport Other           Tloc           18%        N/A       7%          3
 Manifold Assault         Tloc           18%        N/A       54%         5


Dungeon Overview and Level Annotations

Branches:
Dungeon (4/15)
 Temple: D:4-7

Altars:


Innate Abilities, Weirdness & Mutations

You have very sharp teeth.
Your uncanny sense of smell can sniff out nearby items.
Your experience applies equally to all skills.


Message History

You closely miss the bullfrog.
The bullfrog is moderately wounded.
The bullfrog swells and bulges.
The bullfrog hits you! The adder bites you. You block the bullfrog's attack.
You are too injured to fight recklessly!
You are too injured to fight recklessly!
You are too injured to fight recklessly!
The adder closely misses you.
Found 11 gold pieces.
You are too injured to fight recklessly!
You are too injured to fight recklessly!
You are too injured to fight recklessly!
You closely miss the adder. The adder bites you but does no damage.
You barely miss the adder. You block the adder's attack.
The adder barely misses you.
You closely miss the adder. The adder bites you.
The adder bites you but does no damage.
You sock the adder!
You kill the adder!
The bullfrog hits you.
* * * LOW HITPOINT WARNING * * *
Your Conjurations skill increases to level 1!
Your Hexes skill increases to level 1!
Your Summonings skill increases to level 1!
Your Necromancy skill increases to level 1!
Your Transmutations skill increases to level 1!
Your Fire Magic skill increases to level 1!
Your Ice Magic skill increases to level 1!
Your Air Magic skill increases to level 1!
Your Earth Magic skill increases to level 1!
Your Poison Magic skill increases to level 1!
You hit the bullfrog.
The bullfrog is heavily wounded.
The bullfrog hits you.
* * * LOW HITPOINT WARNING * * *
The bullfrog closely misses you.
You completely miss the bullfrog. Your bite misses the bullfrog.
The bullfrog is heavily wounded.
The bullfrog hits you.
You die...

..### ≈ ≈......# ≈. ♣
...... # . ≈.≈ ≈♣.....
.# .# ≈≈.≈##$
..$##.#..) ♣.≈≈≈≈.
#..#.....#
≈..≈≈..##.........
≈.$.≈≈.@F#.....#
##.###.##†....# .#
..##..#(...... ...##
####..##.(.....
......####...#....(...
...##...............(.
#..####...............
..# ##..#............
#.# #..#.............


You could see a bullfrog.

Vanquished Creatures
  A hound (D:4)
  An adder (D:4)
  2 dart slugs (D:1)
  An orc (D:4)
  5 endoplasms (D:1)
  2 giant cockroaches (D:2)
  4 goblins
  6 hobgoblins
  3 jackals (D:2)
  A quokka (D:1)
  5 ball pythons
  4 bats
  5 frilled lizards
  A kobold (D:1)
  3 rats (D:1)
44 creatures vanquished.

Notes
Turn   | Place    | Note
-------+----------+-------------------------------------------
     0 | D:1      | mainiacjoe the Gnoll Warper began the quest for the Orb.
     0 | D:1      | Reached XP level 1. HP: 20/20 MP: 6/6
   146 | D:1      | Reached XP level 2. HP: 25/26 MP: 7/7
   149 | D:1      | Learned a level 2 spell: Blink
   601 | D:1      | Reached XP level 3. HP: 31/31 MP: 9/9
   617 | D:1      | Reached skill level 5 in Spellcasting
   910 | D:2      | Reached skill level 1 in Invocations
  1069 | D:2      | Found a faded altar of an unknown god.
  1274 | D:4      | Reached skill level 1 in Short Blades
  1274 | D:4      | Reached skill level 1 in Long Blades
  1274 | D:4      | Reached skill level 1 in Axes
  1274 | D:4      | Reached skill level 1 in Polearms
  1274 | D:4      | Reached skill level 1 in Staves
  1274 | D:4      | Reached skill level 1 in Slings
  1274 | D:4      | Reached skill level 1 in Bows
  1274 | D:4      | Reached skill level 1 in Crossbows
  1274 | D:4      | Reached skill level 1 in Stealth
  1274 | D:4      | Reached skill level 1 in Shields
  1274 | D:4      | Reached skill level 1 in Unarmed Combat
  1274 | D:4      | Reached skill level 1 in Evocations
  1317 | D:4      | Noticed a bullfrog
  1329 | D:4      | Reached XP level 4. HP: 26/38 MP: 11/11
  1336 | D:4      | Reached skill level 1 in Conjurations
  1336 | D:4      | Reached skill level 1 in Hexes
  1336 | D:4      | Reached skill level 1 in Summonings
  1336 | D:4      | Reached skill level 1 in Necromancy
  1336 | D:4      | Reached skill level 1 in Transmutations
  1336 | D:4      | Reached skill level 1 in Fire Magic
  1336 | D:4      | Reached skill level 1 in Ice Magic
  1336 | D:4      | Reached skill level 1 in Air Magic
  1336 | D:4      | Reached skill level 1 in Earth Magic
  1336 | D:4      | Reached skill level 1 in Poison Magic
  1337 | D:4      | Slain by a bullfrog

Illustrated notes

Levels and vault maps discovered:
D:1:      minmay_arrival_stair_chambers, layout_basic
D:2:      layout_basic, chequers_ecumenical_altar_twisty, basic_altar,
          fountainhead
D:3:      layout_basic, nicolae_uskayaw_suspiria, fedhas_altar_fruit_tree,
          chequers_serial_rivers_small_b
D:4:      layout_layer_cave, minmay_temple_entry_junction,
          chequers_serial_rivers_marsh, hangedman_abyss_or_decor_stabs,
          grunt_decor_resistance

Skill      XL: |  1  2  3  4 |
---------------+-------------+-----
Spellcasting   | 5 |  5.1
Invocations    | 1 |  1.3
Short Blades   | 1 |  1.2
Long Blades    | 1 |  1.2
Axes           | 1 |  1.2
Polearms       | 1 |  1.2
Staves         | 1 |  1.2
Slings         | 1 |  1.2
Bows           | 1 |  1.2
Crossbows      | 1 |  1.2
Stealth        | 1 |  1.2
Shields        | 1 |  1.2
Unarmed Combat | 1 |  1.2
Evocations     | 1 |  1.2
Conjurations   | 1 |  1.0
Hexes          | 1 |  1.0
Summonings     | 1 |  1.0
Necromancy     | 1 |  1.0
Transmutations | 1 |  1.0
Fire Magic     | 1 |  1.0
Ice Magic      | 1 |  1.0
Air Magic      | 1 |  1.0
Earth Magic    | 1 |  1.0
Poison Magic   | 1 |  1.0
Fighting       | |  4.6
Maces & Flails | |  4.6
Throwing       | |  2.8
Armour         | |  2.8
Dodging        | |  4.6
Translocations | |  5.5

Action                   |  1- 3 |  4- 6 || total
-------------------------+-------+-------++-------
Melee: Mace              |    76 |       ||    76
       Bite              |     3 |       ||     3
       Morningstar       |     5 |     8 ||    13
 Fire: Hunting sling     |    52 |       ||    52
Throw: Stone             |    55 |       ||    55
  Use: Scroll            |     1 |       ||     1
Armor: Leather armour    |    28 |     2 ||    30
Dodge: Dodged            |    51 |     4 ||    55
Block: Other             |    14 |     2 ||    16
       Reflection        |     2 |       ||     2
